 Dungeon Crawl Stone Soup version 0.31-a0-233-g139696dc86 (webtiles) character file.

Game seed: 11624717918945775474

2176 Gargoyl the Twirler (level 9, -1/56 HPs)
             Began as a Gargoyle Berserker on July 9, 2023.
             Was a Believer of Trog.
             Slain by an orc warrior
             ... wielding a +0 glaive
              (7 damage)
             ... on level 6 of the Dungeon.
             The game lasted 00:06:52 (4248 turns).

Gargoyl the Twirler (Gargoyle Berserker)            Turns: 4248, Time: 00:06:53

Health: -1/56      AC: 15    Str: 21    XL:     9   Next: 32%
Magic:  9/9        EV: 12    Int:  8    God:    Trog [**....]
Gold:   202        SH:  0    Dex: 13    Spells: 8/8 levels left

rFire   . . .        k - +4 quarterstaff (chaos)
rCold   . . .        (shield currently unavailable)
rNeg    + . .        j - +1 ring mail
rPois   ∞            (no helmet)
rElec   +            l - +0 cloak
rCorr   +            (no gloves)
SInv    .            b - +0 pair of boots
Will    .....        p - amulet of regeneration
Stlth   +            f - ring of resist corrosion
HPRegen 1.09/turn    (no ring)
MPRegen 0.11/turn

%: no passive effects
@: no status effects
A: sickness immunity, AC +6, negative energy resistance 1, electricity
resistance, torment resistance 1, petrification resistance
a: Renounce Religion, Berserk, Trog's Hand


You were on level 6 of the Dungeon.
You worshipped Trog.
Trog was pleased with you.
You visited 1 branch of the dungeon, and saw 6 of its levels.

You collected 292 gold pieces.
You spent 90 gold pieces at shops.

Inventory:

Hand Weapons
 a - a +0 hand axe
 k - a +4 quarterstaff of chaos (weapon)
 q - a +1 heavy trident
Missiles
 g - 5 poisoned darts (quivered)
Armour
 b - a +0 pair of boots (worn)
 j - a +1 ring mail (worn)
 l - a +0 cloak (worn)
Jewellery
 f - a ring of resist corrosion (left hand)
 p - an amulet of regeneration (around neck)
 t - an amulet of guardian spirit
Wands
 c - a wand of flame (64)
 h - a wand of roots (5)
 m - a wand of polymorph (5)
 r - a wand of paralysis (4)
Scrolls
 i - 3 scrolls of teleportation
Potions
 d - a potion of curing
 e - 3 potions of heal wounds
 n - a potion of cancellation
 o - 2 potions of invisibility


   Skills:
 + Level 6.3 Fighting
 + Level 5.7 Axes
 + Level 6.9 Staves
 + Level 4.0 Armour
 + Level 4.6 Dodging
 + Level 1.1 Stealth


You had 8 spell levels left.
You didn't know any spells.
Your spell library was empty.

Dungeon Overview and Level Annotations

Branches:
Dungeon (6/15)             Temple (0/1) D:4

Altars:
Ashenzari
Fedhas
Hepliaklqana
Kikubaaqudgha
Makhleb
Nemelex Xobeh
Qazlal
Xom
Zin
The Shining One

Shops:
D:1 [


Innate Abilities, Weirdness & Mutations

You are immune to sickness and miasma.
Your stone body is resilient. (AC +6)
You are immune to poison.
You resist negative energy. (rN+)
You are resistant to electric shocks. (rElec)
You are resistant to unholy torment.
You are immune to petrification.


Message History

The yak is lightly wounded.
The orc warrior hits you but does no damage.
The yak gores you!
You sock the yak!
The yak is poisoned.
The yak is moderately wounded.
The orc warrior hits you from afar with a +0 glaive!
The yak completely misses you.
You sock the yak!
The yak is heavily wounded.
The orc warrior hits you from afar with a +0 glaive!
* * * LOW HITPOINT WARNING * * *
The yak closely misses you.
You sock the yak!
The yak seems to grow stronger.
The yak is almost dead.
The orc warrior closely misses you. The yak barely misses you.
You sock the yak!
You kill the yak!
Trog accepts your kill.
The orc warrior hits you from afar with a +0 glaive!
* * * LOW HITPOINT WARNING * * *
You thump the yak! Lightning courses through the yak!
The yak is heavily wounded.
The orc warrior misses you. The yak gores you but does no damage.
You sock the yak!
The yak is severely wounded.
The orc warrior closely misses you. The yak gores you.
* * * LOW HITPOINT WARNING * * *
You sock the yak!
You kill the yak!
Trog accepts your kill. The orc warrior closely misses you.
Your Armour skill increases to level 4!
You sock something! You burn something. You hit something. You burn something.
Trog accepts your kill.
Trog appreciates your killing of a magic user.
Reactivating autopickup.
You feel a bit more experienced. The orc warrior closely misses you.
The orc warrior hits you with a +0 glaive!
You die...

#.. ###.[ ### # ..Y
#.#.. #...## .. #...#
##.#.. .. .... ._..
.# #..####.# .#
...###..##..#####o##
#...........@YoY..##
..#####.######oY$...#
#.## #####..# #..##
.# ##..## o. ####..#
o. ..###.# ..
#..##.####### .
#..#.......#


You could see 3 yaks, an orc warrior and 2 orcs.

Vanquished Creatures
  2 yaks (D:6)
  An orc warrior (D:4)
  2 ice beasts (D:5)
  Pargi (D:3)
  A black bear (D:5)
  A sky beast (D:6)
  2 ogres (D:5)
  4 centaurs (D:5)
  A phantom (D:4)
  A killer bee (D:5)
  3 jellies
  A hound (D:6)
  3 orc priests
  6 iguanas
  Crazy Yiuf (D:2)
  Natasha (thrice) (D:2)
  An orc wizard (D:6)
  4 gnolls (D:5)
  9 adders
  An ufetubus (D:5)
  3 worms
  3 dart slugs
  9 orcs
  4 ball pythons
  7 bats
  5 endoplasms
  5 giant cockroaches
  7 hobgoblins
  5 jackals
  5 quokkas
  4 frilled lizards
  7 goblins
  6 kobolds
  6 rats
124 creatures vanquished.

Vanquished Creatures (others)
  A human (D:4)
1 creature vanquished.

Grand Total: 125 creatures vanquished

Notes
Turn   | Place    | Note
-------+----------+-------------------------------------------
     0 | D:1      | Gargoyl the Gargoyle Berserker began the quest for the Orb.
     0 | D:1      | Reached XP level 1. HP: 14/14 MP: 1/1
    86 | D:1      | Reached XP level 2. HP: 12/19 MP: 2/2
   353 | D:1      | Found a faded altar of an unknown god.
   367 | D:1      | Reached XP level 3. HP: 23/24 MP: 3/3
   767 | D:1      | Found Punyv's Armour Boutique.
   854 | D:2      | Noticed Natasha
   865 | D:2      | Killed Natasha
   899 | D:2      | Reached ** piety under Trog
   900 | D:2      | Reached XP level 4. HP: 29/29 MP: 4/4
   997 | D:2      | Noticed Natasha
  1004 | D:2      | Killed Natasha
  1076 | D:2      | Noticed Natasha
  1088 | D:2      | Killed Natasha
  1089 | D:2      | Reached XP level 5. HP: 10/33 MP: 5/5
  1355 | D:2      | Found a glowing golden altar of the Shining One.
  1408 | D:2      | Found a runed translucent door.
  1409 | D:2      | Noticed Crazy Yiuf
  1534 | D:2      | You fall into a shaft and drop 2 floors!
  1542 | D:4      | Noticed a phantom
  1572 | D:4      | Killed a phantom
  1657 | D:4      | Noticed an orc warrior
  1662 | D:4      | Reached XP level 6. HP: 36/39 MP: 6/6
  1673 | D:4      | Killed an orc warrior
  1674 | D:4      | Reached skill level 5 in Axes
  1709 | D:4      | HP: 2/40 [iguana (7)]
  1990 | D:3      | Found a broken altar of Ashenzari.
  2051 | D:3      | Noticed Pargi
  2060 | D:3      | Killed Pargi
  2061 | D:3      | Reached XP level 7. HP: 44/44 MP: 7/7
  2313 | D:2      | Killed Crazy Yiuf
  2748 | D:4      | Reached skill level 5 in Fighting
  2984 | D:4      | Found a staircase to the Ecumenical Temple.
  3142 | D:4      | Found an ancient bone altar of Kikubaaqudgha.
  3143 | D:4      | Noticed a human
  3145 | D:4      | Killed a human
  3196 | D:5      | Entered Level 5 of the Dungeon
  3249 | D:5      | Reached skill level 1 in Staves
  3292 | D:5      | Found a sparkling altar of Nemelex Xobeh.
  3354 | D:5      | Found a transporter.
  3360 | D:5      | Found a transporter.
  3372 | D:5      | Found a hazy altar of Hepliaklqana.
  3538 | D:5      | Reached XP level 8. HP: 49/49 MP: 8/8
  3614 | D:5      | Found a burning altar of Makhleb.
  3652 | D:5      | Found a blossoming altar of Fedhas.
  3654 | D:5      | Found a shimmering altar of Xom.
  3803 | D:5      | Reached skill level 1 in Stealth
  3872 | D:5      | Reached skill level 5 in Staves
  4163 | D:6      | Found Zin's Purification Station.
  4166 | D:6      | Found a glowing silver altar of Zin.
  4176 | D:6      | Reached XP level 9. HP: 55/55 MP: 9/9
  4179 | D:6      | Bought a potion of curing for 90 gold pieces
  4210 | D:6      | Found a stormy altar of Qazlal.
  4244 | D:6      | HP: 1/55 [yak (6)]
  4248 | D:6      | Slain by an orc warrior

Illustrated notes

Levels and vault maps discovered:
D:1:      dpeg_arrival_lava_temple_mockup, layout_loops_ring,
          hellmonk_ecumenical_altar_blasted, serial_shops,
          nicolae_shop_window_shopping, minmay_misc_feat_square,
          minmay_tetromino_o2
D:2:      layout_basic, basic_altar, uniq_natasha, uniq_crazy_yiuf_cottage
D:3:      layout_rooms, ashenzari_altar_1, corexii_item_surrounded_by_moat,
          chequers_decorated_corner, uniq_pargi
D:4:      layout_loops_ring, tgw_kikubaaqudgha,
          minmay_temple_entry_proselytizer, kennysheep_cross_bottleneck
D:5:      cheibrodos_quashed, layout_loops_ring,
          gammafunk_temple_overflow_arena, overflow_temple_1_default,
          nemelex_spade_bored_becter, mainiacjoe_overflow_big_doors,
          roderic_serpentine_path
D:6:      layout_rooms, mainiacjoe_overflow_surrounded_room,
          lemuel_crystal_altar, zin_purify, nicolae_houndstooth_variations

Skill      XL: |  1  2  3  4  5  6  7  8  9 |
---------------+----------------------------+-----
Axes           | 3 4 5 |  5.7
Dodging        | 2 3 4 |  4.6
Fighting       | 4 5 6 |  6.3
Staves         | 3 6 |  6.9
Armour         | 3 4 |  4.0
Stealth        | 1 |  1.1

Action                     |  1- 3 |  4- 6 |  7- 9 || total
---------------------------+-------+-------+-------++-------
  Melee: Hand axe          |    91 |   195 |    15 ||   301
         Punch             |     1 |     2 |       ||     3
         Quarterstaff      |       |       |   148 ||   148
 Invoke: Berserk           |     1 |     4 |     2 ||     7
         Trog's Hand       |       |     5 |     3 ||     8
    Use: Scroll            |     1 |     1 |     8 ||    10
         Potion            |       |     4 |       ||     4
 Armour: Animal skin       |    38 |    58 |       ||    96
         Ring mail         |       |     3 |   119 ||   122
  Dodge: Dodged            |    85 |   136 |   151 ||   372

Table legend: (Time is in decaauts)
 A = Elapsed time spent in this place.
 B = Non-inter-level travel time spent in this place.
 C = Inter-level travel time spent in this place.
 D = Time resting spent in this place.
 E = Time spent auto-exploring this place.
 F = Levels seen in this place.
 G = Mean time per level.
                   A        B        C        D        E       F      G
               +--------+--------+--------+--------+--------+-----+--------+
         Total |   4361 |   4150 |    211 |    108 |   2781 |   6 |  726.8 |
       Dungeon |   4361 |   4150 |    211 |    108 |   2781 |   6 |  726.8 |
               +--------+--------+--------+--------+--------+-----+--------+

Top non-repeatable levels by time:
     D:2: 996 daAuts
     D:5: 979 daAuts
     D:4: 955 daAuts
     D:1: 866 daAuts
     D:3: 472 daAuts
     D:6: 90 daAuts
